 Dungeon Crawl Stone Soup version 0.28.0-53-g5a82cb258f (webtiles) character file.

Game seed: 16081364033270603116

45 Plasmagod the Skirmisher (level 3, -2/33 HPs)
             Began as a Draconian Monk on July 9, 2022.
             Slain by a goblin
             ... wielding the +12 flail of Wondrous Power {protect, +Blink Int+2 Dex+6}
              (11 damage)
             ... on level 2 of the Dungeon.
             The game lasted 00:12:16 (1321 turns).

Plasmagod the Skirmisher (Draconian Monk)           Turns: 1321, Time: 00:12:17

Health: -2/33      AC:  5    Str: 13    XL:     3   Next: 42%
Magic:  3/3        EV: 12    Int: 10    God:
Gold:   62         SH:  3    Dex: 15    Spells: 2/2 levels left

rFire   . . .      SeeInvis .   a - +0 spear
rCold   . . .      Faith    .   d - +0 buckler
rNeg    . . .      Spirit   .   (armour unavailable)
rPois   .          Reflect  .   (helmet restricted)
rElec   .          Harm     .   (no cloak)
rCorr   .          Rampage  .   (no gloves)
Will    .....                   (no boots)
Stlth   ++........              (no amulet)
HPRegen 0.11/turn               (no ring)
MPRegen 0.08/turn               (no ring)

@: no status effects
A: AC +5, unfitting armour, cold-blooded
a: no special abilities


You were on level 2 of the Dungeon.
You visited 1 branch of the dungeon, and saw 2 of its levels.

You collected 62 gold pieces.

Inventory:

Hand Weapons
 a - a +0 spear (weapon)
 e - a +0 dagger of draining
Armour
 d - a +0 buckler (worn)
Scrolls
 f - a scroll of amnesia {unknown}
Potions
 b - 2 potions of ambrosia {unknown}
 c - a potion of heal wounds {unknown}
 g - a potion of invisibility {unknown}
 h - a potion of attraction {unknown}


   Skills:
 + Level 3.7 Fighting
 + Level 3.6 Polearms
 + Level 3.1 Dodging
 + Level 2.0 Stealth


You had 2 spell levels left.
You didn't know any spells.
Your spell library contained the following spells:

 Spells                   Type           Power      Damage    Failure   Level
 Poisonous Vapours        Pois/Air       0%         N/A       61%         2
 Summon Guardian Golem    Hex/Summ       0%         N/A       83%         3
 Airstrike                Air            0%         N/A       99%         4
 Anguish                  Hex/Necr       0%         N/A       99%         4
 Conjure Ball Lightning   Conj/Air       0%         3x3d6     100%        6
 Orb of Destruction       Conj           0%         9d5       100%        7
 Spellforged Servitor     Conj/Summ      0%         N/A       100%        7


Dungeon Overview and Level Annotations

Branches:
Dungeon (2/15)

Altars:


Innate Abilities, Weirdness & Mutations

Your plain brown scales are hard. (AC +5)
You cannot fit into any form of body armour.
You are cold-blooded and may be slowed by cold attacks.


Message History

The adder bites you.
You hit the adder but do no damage.
The adder is severely wounded.
The adder closely misses you. The adder bites you.
You hit the adder but do no damage.
The adder is severely wounded.
The adder misses you.
You hit the adder.
You kill the adder!
You see here an adder corpse.
Found a club.
A kobold comes into view. It is wielding a +0 short sword.
Found a hunting sling.
You closely miss the kobold. You hit the kobold.
You kill the kobold!
Things that are here:
a +0 short sword; a kobold corpse You see here a +0 hunting sling.
A goblin comes into view.
It is wielding the +12 flail of Wondrous Power {protect, +Blink Int+2 Dex+6}.
The goblin shouts!
Press: ? - help, v - describe, . - travel The floor.
You hit the goblin but do no damage. You tail-slap the goblin.
The goblin is moderately wounded.
You block the goblin's attack.
You hit the goblin but do no damage.
Your tail-slap misses the goblin.
The goblin is moderately wounded.
The goblin hits you with the +12 flail of Wondrous Power {protect, +Blink Int+2 Dex+6}!
You barely miss the goblin.
Your tail-slap misses the goblin.
The goblin is moderately wounded.
You block the goblin's attack.
You hit the goblin but do no damage.
The goblin is moderately wounded.
The goblin hits you with the +12 flail of Wondrous Power {protect, +Blink Int+2 Dex+6}!
* * * LOW HITPOINT WARNING * * *
You hit the goblin but do no damage.
The goblin is moderately wounded.
The goblin hits you with the +12 flail of Wondrous Power {protect, +Blink Int+2 Dex+6}!
You die...

#..8.....########.......##....
#....8...................#....
#..8.....########........##...
#....8..## ###..........#...
#..8....# ##...#........#...
##...8..# #..###.###....####
#.8....# #.## #.# #....# #
#...##.# ###.# #.###....#
######.# #.g@# #...#...###
#.###.### #####...#.#
#....)..# #...##.## #.......#
##...#...## #........#
#....#....# #.#.........
#.......... #.#......###
#_......... #.#......#
#.......... ..#......#
#.........#


You could see a goblin.

Vanquished Creatures
  An adder (D:2)
  4 bats
  3 endoplasms
  3 giant cockroaches (D:1)
  5 goblins
  3 hobgoblins (D:1)
  3 ball pythons
  4 frilled lizards
  4 kobolds
  4 rats (D:1)
34 creatures vanquished.

Notes
Turn   | Place    | Note
-------+----------+-------------------------------------------
     0 | D:1      | Plasmagod the Draconian Monk began the quest for the Orb.
     0 | D:1      | Reached XP level 1. HP: 19/19 MP: 1/1
   129 | D:1      | Reached XP level 2. HP: 18/23 MP: 2/2
   269 | D:1      | You fall into a shaft and drop 1 floor!
   389 | D:1      | Got the Compendium of Aerial Hexes
   531 | D:1      | Reached XP level 3. HP: 31/31 MP: 3/3
  1146 | D:2      | Found a faded altar of an unknown god.
  1313 | D:2      | Identified the +12 flail of Wondrous Power {protect, +Blink
                  | Int+2 Dex+6}
  1321 | D:2      | Slain by a goblin

Illustrated notes

Levels and vault maps discovered:
D:1:      minmay_arrival_five_plusses, layout_basic
D:2:      layout_rooms, hellmonk_ecumenical_altar_zigzags,
          minmay_misc_feat_pillars, st_stairs_11, minivault_24, hex_large

Skill      XL: |  1  2 |
---------------+-------+-----
Dodging        | 3 |  3.1
Stealth        | 2 |  2.0
Fighting       | |  3.7
Polearms       | |  3.6

Action                   || total
-------------------------++-------
Melee: Spear             ||   101
       Tailslap          ||     9
 Stab: Sleeping          ||     2
Armor: Skin              ||    19
Dodge: Dodged            ||    47
Block: Buckler           ||    13
